Punishers vs Atomiques
Created - 12 décembre 2016 at 21:42
Goals
|
| Punishers |
1 |
4 |
1 |
6 |
| Atomiques |
1 |
4 |
2 |
7 |
|
Shots
|
| Punishers |
14 |
10 |
5 |
29 |
| Atomiques |
10 |
19 |
9 |
38 |
|
1st period
1. Punishers , Ryan Malone 3 (Petteri Nokelainen) at 10:07
2. Atomiques , Ryan Shannon 19 (Brett Sutter) at 19:15
Penalties :
No Penalty
2nd period
3. Punishers , Brandon McMillan 5 (Frazer Mclaren, Mike Sauer) at 0:52
4. Punishers , Ryan Malone 4 (Mike Blunden, Petteri Nokelainen) at 1:56 (PP)
5. Atomiques , Tyler Brenner 14 (Branko Radivojevic, Shawn Belle) at 4:30
6. Punishers , Ondrej Palat 2 (Matt Mackenzie, Luke Adam) at 6:17
7. Atomiques , Tyler Brenner 15 (Kenndal McArdle) at 6:22
8. Punishers , Ondrej Palat 3 (Luke Adam) at 9:53
9. Atomiques , Branko Radivojevic 9 (Kenndal McArdle) at 16:41
10. Atomiques , Andrew Kozek 7 (Ryan Shannon, Brett Sutter) at 18:47
Penalties :
Branko Radivojevic (STB) for Hooking (Minor) at 1:50, Mike Sauer (Pro) for Hooking (Minor) at 13:10
3rd period
11. Punishers , Luke Adam 6 (Adam McQuaid) at 1:25
12. Atomiques , Ryan Shannon 20 (Andrew Kozek, Brett Sutter) at 2:16
13. Atomiques , Mitch Callahan 3 (Mike Halmo, Colby Cohen) at 17:29
Penalties :
Shawn Belle (STB) for High sticking (Minor) at 5:02, Alex Berry (STB) for Hooking (Minor) at 8:06, Tyler Brenner (STB) for Hooking (Minor) at 14:13
Goalie Stats
Niklas Svedberg (Pro), 31 saves from 38 shots - (0,816), L, 2-2-0, 58:51 minutes
Sergei Bobrovsky (STB), 5 saves from 6 shots - (0,833), W, 12-6-1, 30:07 minutes
Jeremy Smith (STB), 18 saves from 23 shots - (0,783), 29:53 minutes
Players Stats for Punishers
Player Name G A P +/- PIM S H SB GA TA FO MP PP MP PK MP
------------------------------------------------------------------------------------
Adam McQuaid 0 1 1 -1 0 1 0 1 0 0 0/0 19:43 2:25 0:58
Brandon McMillan 1 0 1 0 0 1 0 0 0 0 2/4 11:30 0:00 0:00
Dylan DeMelo 0 0 0 1 0 0 0 0 0 1 0/0 13:27 0:00 1:01
Frazer Mclaren 0 1 1 0 0 3 1 0 0 0 0/0 12:37 0:00 0:26
Justin Falk 0 0 0 -3 0 0 2 2 0 3 0/0 28:28 3:38 1:13
Luke Adam 1 2 3 2 0 6 4 0 1 0 9/16 19:44 2:47 0:15
Matt Mackenzie 0 1 1 1 0 0 0 0 0 0 0/0 12:26 0:00 0:00
Michael Ferland 0 0 0 -1 0 0 1 0 0 0 0/0 1:26 0:00 0:07
Miikka Salomaki 0 0 0 2 0 1 3 1 0 0 2/2 19:26 2:47 0:00
Mike Blunden 0 1 1 -1 0 0 2 0 0 0 3/6 17:16 3:16 0:00
Mike Sauer 0 1 1 -3 2 0 1 0 1 1 0/0 27:17 3:38 0:00
Ondrej Palat 2 0 2 2 0 8 1 1 2 0 0/1 20:18 2:47 0:44
Petteri Nokelainen 0 2 2 -3 0 2 1 1 1 1 8/23 25:52 3:16 1:08
Philippe Paradis 0 0 0 -1 0 0 0 0 0 0 2/2 4:26 0:00 0:10
Quinton Howden 0 0 0 -2 0 1 2 0 0 0 0/1 9:01 0:00 0:00
Radek Smolenak 0 0 0 -2 0 0 2 0 1 0 0/0 9:01 0:00 0:00
Ryan Malone 2 0 2 -1 0 6 2 1 0 0 3/3 27:12 3:16 1:08
Simon Despres 0 0 0 0 0 0 0 0 0 1 0/0 18:50 2:25 0:46
Players Stats for Atomiques
Player Name G A P +/- PIM S H SB GA TA FO MP PP MP PK MP
------------------------------------------------------------------------------------
Alex Berry 0 0 0 -2 2 0 1 1 0 0 0/2 13:01 0:00 1:35
Andrew Kozek 1 1 2 3 0 1 1 0 0 0 1/1 16:41 0:57 1:35
Anthony Nigro 0 0 0 0 0 0 0 0 0 0 0/1 7:57 0:00 0:00
Branko Radivojevic 1 1 2 1 2 12 4 0 2 0 4/5 22:49 1:02 3:19
Brett Sutter 0 3 3 3 0 3 3 0 0 0 6/12 16:17 0:57 1:11
Colby Cohen 0 1 1 1 0 0 2 0 1 1 0/0 13:55 0:00 0:00
Davis Drewiske 0 0 0 3 0 1 0 9 0 1 0/0 26:43 1:25 3:52
Dmitri Orlov 0 0 0 1 0 0 0 1 0 0 0/0 15:06 0:00 1:11
John McCarthy 0 0 0 -2 0 1 1 0 0 0 0/0 11:23 0:00 0:00
Kenndal McArdle 0 2 2 1 0 3 3 0 0 0 2/3 20:18 1:02 0:57
Kyle Wharton 0 0 0 -2 0 0 0 0 0 0 0/0 19:22 0:34 2:11
Marc-André Cliche 0 0 0 -2 0 1 0 0 1 1 1/5 11:23 0:00 0:00
Mike Halmo 0 1 1 0 0 1 3 0 0 0 0/0 8:16 0:00 0:19
Mitch Callahan 1 0 1 0 0 1 0 2 0 1 0/0 7:57 0:00 0:00
Roman Polak 0 0 0 -2 0 0 0 1 0 0 0/0 19:22 0:34 2:11
Ryan Shannon 2 1 3 3 0 5 3 0 2 0 0/0 15:31 0:57 0:57
Shawn Belle 0 1 1 3 2 5 2 2 1 1 0/0 25:37 1:25 2:41
Tyler Brenner 2 0 2 1 2 4 0 0 0 1 15/29 22:15 1:02 2:13
3 Stars
1 - Ryan Shannon (STB)
2 - Luke Adam (Pro)
3 - Ondrej Palat (Pro)
Power Play
Punishers - 1 on 4 Attempt(s) - 25,00%
Atomiques - 0 on 1 Attempt(s) - 0,00%
Penalty Kill
Punishers - 1 on 1 Attempt(s) - 100,00%
- Score 0 goal in Penalty Kill
Atomiques - 3 on 4 Attempt(s) - 75,00%
- Score 0 goal in Penalty Kill
Team Stat
Punishers - Hits : 22 - Faceoff Wins : 29 - Blocked Shots : 7 - Penalty Minutes : 2
Atomiques - Hits : 23 - Faceoff Wins : 29 - Blocked Shots : 16 - Penalty Minutes : 8
Official
Referees : VanMassenhoven Don and Sutherland Kelly
Linesman : Bryan Pancich and Jean Morin
Game Notes
Sergei Bobrovsky enters game at 9:53 of 2nd period
Finance
Level 1 -- Attendance: 1335 (66,75%) -- Ticket Income 46 725 $
Level 2 -- Attendance: 760 (76,00%) -- Ticket Income 11 400 $
Total Attendance: 2095 (69,83%)
Total Ticket Income: 58 125 $
Other Income: 2 906 $
Total Income: 61 031 $
Punishers
5 vs 5 Forward
Center Left Wing Right Wing Time % Phy DF OF
1 Petteri Nokelainen Ryan Malone Mike Blunden 40 1 2 2
2 Luke Adam Ondrej Palat Miikka Salomaki 30 1 2 2
3 Brandon McMillan Frazer Mclaren Ryan Malone 20 1 2 2
4 Quinton Howden Radek Smolenak Petteri Nokelainen 10 1 2 2
5 vs 5 Defense
Defense Defense Time % Phy DF OF
1 Justin Falk Mike Sauer 40 1 2 2
2 Adam McQuaid Simon Despres 30 1 2 2
3 Matt Mackenzie Dylan DeMelo 20 1 2 2
4 Justin Falk Mike Sauer 10 1 2 2
PowerPlay Forward
Center Left Wing Right Wing Time % Phy DF OF
1 Petteri Nokelainen Ryan Malone Mike Blunden 60 1 2 2
2 Luke Adam Ondrej Palat Miikka Salomaki 40 1 2 2
PowerPlay Defense
Defense Defense Time % Phy DF OF
1 Justin Falk Mike Sauer 60 1 2 2
2 Adam McQuaid Simon Despres 40 1 2 2
Penalty Kill 4 Players Forward
Center Wing Time % Phy DF OF
1 Ryan Malone Petteri Nokelainen 60 1 2 2
2 Luke Adam Ondrej Palat 40 1 2 2
Penalty Kill 4 Players Defense
Defense Defense Time % Phy DF OF
1 Justin Falk Mike Sauer 60 1 2 2
2 Adam McQuaid Simon Despres 40 1 2 2
Penalty Kill - 3 Players Forward
Forward Time % Phy DF OF
1 Ryan Malone 60 1 2 2
2 Petteri Nokelainen 40 1 2 2
Penalty Kill - 3 Players Defense
Defense Defense Time % Phy DF OF
1 Justin Falk Mike Sauer 60 1 2 2
2 Adam McQuaid Simon Despres 40 1 2 2
4 vs 4 Forward
Center Wing Time % Phy DF OF
1 Ryan Malone Petteri Nokelainen 60 1 2 2
2 Luke Adam Ondrej Palat 40 1 2 2
4 vs 4 Defense
Defense Defense Time % Phy DF OF
1 Justin Falk Mike Sauer 60 1 2 2
2 Adam McQuaid Simon Despres 40 1 2 2
Last Minutes Offensive
Center Left Wing Right Wing Defense Defense
Petteri Nokelainen Ryan Malone Mike Blunden Justin Falk Mike Sauer
Last Minutes Defensive
Center Left Wing Right Wing Defense Defense
Petteri Nokelainen Ryan Malone Mike Blunden Justin Falk Mike Sauer
Goaltenders
Starting : Niklas Svedberg
Backup : Kevin Poulin
Extra Forwards
Normal : Philippe Paradis, Michael Ferland, Frazer Mclaren - PP : Philippe Paradis, Michael Ferland - PK : Frazer Mclaren
Extra Defensemen
Normal : Matt Mackenzie, Dylan DeMelo, Adam McQuaid - PP : Matt Mackenzie - PK : Dylan DeMelo, Adam McQuaid
Penalty Shots
Ryan Malone, Petteri Nokelainen, Luke Adam, Ondrej Palat, Frazer Mclaren
Atomiques
5 vs 5 Forward
Center Left Wing Right Wing Time % Phy DF OF
1 Tyler Brenner Kenndal McArdle Branko Radivojevic 40 1 2 2
2 Brett Sutter Andrew Kozek Ryan Shannon 30 1 2 2
3 Marc-André Cliche John McCarthy Alex Berry 20 1 2 2
4 Anthony Nigro Mike Halmo Mitch Callahan 10 1 2 2
5 vs 5 Defense
Defense Defense Time % Phy DF OF
1 Shawn Belle Davis Drewiske 40 1 2 2
2 Kyle Wharton Roman Polak 30 1 2 2
3 Colby Cohen Dmitri Orlov 20 1 2 2
4 Shawn Belle Davis Drewiske 10 1 2 2
PowerPlay Forward
Center Left Wing Right Wing Time % Phy DF OF
1 Tyler Brenner Kenndal McArdle Branko Radivojevic 60 1 2 2
2 Brett Sutter Andrew Kozek Ryan Shannon 40 1 2 2
PowerPlay Defense
Defense Defense Time % Phy DF OF
1 Shawn Belle Davis Drewiske 60 1 2 2
2 Kyle Wharton Roman Polak 40 1 2 2
Penalty Kill 4 Players Forward
Center Wing Time % Phy DF OF
1 Branko Radivojevic Tyler Brenner 60 1 2 2
2 Ryan Shannon Kenndal McArdle 40 1 2 2
Penalty Kill 4 Players Defense
Defense Defense Time % Phy DF OF
1 Shawn Belle Davis Drewiske 60 1 2 2
2 Kyle Wharton Roman Polak 40 1 2 2
Penalty Kill - 3 Players Forward
Forward Time % Phy DF OF
1 Branko Radivojevic 60 1 2 2
2 Tyler Brenner 40 1 2 2
Penalty Kill - 3 Players Defense
Defense Defense Time % Phy DF OF
1 Shawn Belle Davis Drewiske 60 1 2 2
2 Kyle Wharton Roman Polak 40 1 2 2
4 vs 4 Forward
Center Wing Time % Phy DF OF
1 Branko Radivojevic Tyler Brenner 60 1 2 2
2 Ryan Shannon Kenndal McArdle 40 1 2 2
4 vs 4 Defense
Defense Defense Time % Phy DF OF
1 Shawn Belle Davis Drewiske 60 1 2 2
2 Kyle Wharton Roman Polak 40 1 2 2
Last Minutes Offensive
Center Left Wing Right Wing Defense Defense
Tyler Brenner Kenndal McArdle Branko Radivojevic Shawn Belle Davis Drewiske
Last Minutes Defensive
Center Left Wing Right Wing Defense Defense
Tyler Brenner Kenndal McArdle Branko Radivojevic Shawn Belle Davis Drewiske
Goaltenders
Starting : Jeremy Smith
Backup : Sergei Bobrovsky
Extra Forwards
Normal : Marc-André Cliche, John McCarthy, Alex Berry - PP : Marc-André Cliche, John McCarthy - PK : Alex Berry
Extra Defensemen
Normal : Colby Cohen, Dmitri Orlov, Kyle Wharton - PP : Colby Cohen - PK : Dmitri Orlov, Kyle Wharton
Penalty Shots
Branko Radivojevic, Tyler Brenner, Ryan Shannon, Kenndal McArdle, Andrew Kozek
% Time on Ice - Punishers
Lines # - Real PCT - Wanted PCT - Time Play
Normal Forward
1 - 25% - 40% - 12:43
2 - 34% - 30% - 17:29
3 - 23% - 20% - 11:30
4 - 18% - 10% - 9:01
Normal Defense
1 - 39% - 40% - 19:36
2 - 31% - 30% - 15:39
3 - 25% - 20% - 12:26
4 - 6% - 10% - 3:02
PP Forward
1 - 54% - 60% - 3:16
2 - 46% - 40% - 2:47
PP Defense
1 - 60% - 60% - 3:38
2 - 40% - 40% - 2:25
PK Forward
1 - 87% - 60% - 1:44
2 - 13% - 40% - 0:15
PK Defense
1 - 72% - 60% - 1:26
2 - 28% - 40% - 0:33
PK3 Forward
1 - 0% - 60%
2 - 0% - 40%
PK3 Defense
1 - 0% - 60%
2 - 0% - 40%
44 Forward
1 - 0% - 60%
2 - 0% - 40%
44 Defense
1 - 0% - 60%
2 - 0% - 40%
Last Minute Offensive - 1:15
Last Minute Defensive - 0:00
Total
Forward - 60:00
Defense - 60:00
|
% Time on Ice - Atomiques
Lines # - Real PCT - Wanted PCT - Time Play
Normal Forward
1 - 35% - 40% - 17:47
2 - 27% - 30% - 13:37
3 - 22% - 20% - 11:23
4 - 16% - 10% - 7:57
Normal Defense
1 - 35% - 40% - 17:50
2 - 33% - 30% - 16:37
3 - 27% - 20% - 13:55
4 - 5% - 10% - 2:22
PP Forward
1 - 52% - 60% - 1:02
2 - 48% - 40% - 0:57
PP Defense
1 - 71% - 60% - 1:25
2 - 29% - 40% - 0:34
PK Forward
1 - 84% - 60% - 5:06
2 - 16% - 40% - 0:57
PK Defense
1 - 64% - 60% - 3:52
2 - 36% - 40% - 2:11
PK3 Forward
1 - 0% - 60%
2 - 0% - 40%
PK3 Defense
1 - 0% - 60%
2 - 0% - 40%
44 Forward
1 - 0% - 60%
2 - 0% - 40%
44 Defense
1 - 0% - 60%
2 - 0% - 40%
Last Minute Offensive - 0:00
Last Minute Defensive - 1:14
Total
Forward - 60:00
Defense - 60:00
|
Play by Play
1st period
0:01 of 1st period - Mike Blunden wins face-off versus Tyler Brenner in neutral zone.
0:14 of 1st period - Snap shot by Kenndal McArdle.
0:14 of 1st period - Shot Misses the Net.
0:16 of 1st period - Snap shot by Tyler Brenner.
0:16 of 1st period - Stopped by Niklas Svedberg with a rebound.
0:26 of 1st period - Davis Drewiske is hit by Miikka Salomaki.
1:04 of 1st period - Simon Despres is hit by Mike Halmo and loses puck.
1:49 of 1st period - Wrist shot by Ryan Malone.
1:49 of 1st period - Stopped by Jeremy Smith with a rebound.
2:46 of 1st period - Icing by Ryan Shannon.
2:47 of 1st period - Petteri Nokelainen wins face-off versus Brett Sutter in Atomiques zone.
3:00 of 1st period - Mike Blunden is hit by Shawn Belle and loses puck.
3:23 of 1st period - Slapshot by Brett Sutter.
3:23 of 1st period - Stopped by Niklas Svedberg with a rebound.
3:53 of 1st period - Snap shot by Mike Blunden.
3:53 of 1st period - Shot Misses the Net.
3:55 of 1st period - Snap shot by Petteri Nokelainen.
3:55 of 1st period - Shot Blocked by Davis Drewiske.
3:57 of 1st period - Snap shot by Petteri Nokelainen.
3:57 of 1st period - Shot Blocked by Davis Drewiske.
3:59 of 1st period - Wrist shot by Petteri Nokelainen.
3:59 of 1st period - Stopped by Jeremy Smith without a rebound.
4:00 of 1st period - Luke Adam wins face-off versus Tyler Brenner in Atomiques zone.
4:32 of 1st period - Snap shot by Branko Radivojevic.
4:32 of 1st period - Stopped by Niklas Svedberg with a rebound.
4:50 of 1st period - Snap shot by Ryan Malone.
4:50 of 1st period - Shot Misses the Net.
5:34 of 1st period - Kenndal McArdle is hit by Michael Ferland.
5:52 of 1st period - Adam McQuaid is hit by Branko Radivojevic and loses puck.
6:05 of 1st period - Ryan Shannon is hit by Radek Smolenak and loses puck.
6:16 of 1st period - Andrew Kozek is hit by Miikka Salomaki and loses puck.
6:59 of 1st period - Icing by Mike Sauer.
7:00 of 1st period - Luke Adam wins face-off versus Marc-André Cliche in Punishers zone.
8:02 of 1st period - Mitch Callahan is hit by Luke Adam and loses puck.
8:52 of 1st period - Slapshot by Adam McQuaid.
8:52 of 1st period - Stopped by Jeremy Smith with a rebound.
8:54 of 1st period - Backhand shot by Frazer Mclaren.
8:54 of 1st period - Stopped by Jeremy Smith without a rebound.
8:55 of 1st period - Brett Sutter wins face-off versus Luke Adam in Atomiques zone.
9:02 of 1st period - Slapshot by Ryan Shannon.
9:02 of 1st period - Stopped by Niklas Svedberg with a rebound.
9:22 of 1st period - Wrist shot by John McCarthy.
9:22 of 1st period - Shot Blocked by Ryan Malone.
9:24 of 1st period - Wrist shot by Marc-André Cliche.
9:24 of 1st period - Stopped by Niklas Svedberg without a rebound.
9:25 of 1st period - Luke Adam wins face-off versus Kenndal McArdle in Punishers zone.
9:30 of 1st period - Wrist shot by Luke Adam.
9:30 of 1st period - Stopped by Jeremy Smith with a rebound.
9:32 of 1st period - Wrist shot by Luke Adam.
9:32 of 1st period - Shot Misses the Net.
9:36 of 1st period - Snap shot by Ondrej Palat.
9:36 of 1st period - Stopped by Jeremy Smith with a rebound.
9:51 of 1st period - Off-side.
9:52 of 1st period - Brett Sutter wins face-off versus Petteri Nokelainen in neutral zone.
9:57 of 1st period - Wrist shot by Brett Sutter.
9:57 of 1st period - Stopped by Niklas Svedberg without a rebound.
9:58 of 1st period - Petteri Nokelainen wins face-off versus Tyler Brenner in Punishers zone.
10:05 of 1st period - Slapshot by Petteri Nokelainen.
10:05 of 1st period - Shot Blocked by Roman Polak.
10:07 of 1st period - Slapshot by Ryan Malone.
10:07 of 1st period - Goal by Ryan Malone - Punishers : 1 - Atomiques : 0.
10:08 of 1st period - Ryan Malone wins face-off versus Tyler Brenner in neutral zone.
10:19 of 1st period - Slapshot by Tyler Brenner.
10:19 of 1st period - Shot Blocked by Justin Falk.
10:21 of 1st period - Snap shot by Branko Radivojevic.
10:21 of 1st period - Shot Misses the Net.
10:23 of 1st period - Snap shot by Tyler Brenner.
10:23 of 1st period - Deflect By Branko Radivojevic.
10:23 of 1st period - Stopped by Niklas Svedberg without a rebound.
10:24 of 1st period - Luke Adam wins face-off versus Brett Sutter in Punishers zone.
10:35 of 1st period - Slapshot by Luke Adam.
10:35 of 1st period - Stopped by Jeremy Smith with a rebound.
10:51 of 1st period - Branko Radivojevic is hit by Mike Blunden and loses puck.
11:29 of 1st period - Off-side.
11:30 of 1st period - Marc-André Cliche wins face-off versus Luke Adam in neutral zone.
11:41 of 1st period - Slapshot by Ondrej Palat.
11:41 of 1st period - Stopped by Jeremy Smith without a rebound.
11:42 of 1st period - Tyler Brenner wins face-off versus Luke Adam in Atomiques zone.
11:47 of 1st period - Slapshot by Luke Adam.
11:47 of 1st period - Stopped by Jeremy Smith with a rebound.
12:11 of 1st period - Off-side.
12:12 of 1st period - Ryan Malone wins face-off versus Brett Sutter in neutral zone.
12:39 of 1st period - Kyle Wharton is hit by Luke Adam and loses puck.
12:44 of 1st period - Backhand shot by Ondrej Palat.
12:44 of 1st period - Stopped by Jeremy Smith with a rebound.
12:46 of 1st period - Snap shot by Miikka Salomaki.
12:46 of 1st period - Stopped by Jeremy Smith with a rebound.
12:48 of 1st period - Snap shot by Miikka Salomaki.
12:48 of 1st period - Shot Misses the Net.
12:50 of 1st period - Wrist shot by Luke Adam.
12:50 of 1st period - Shot Misses the Net.
13:45 of 1st period - Davis Drewiske is hit by Quinton Howden.
13:57 of 1st period - Slapshot by Quinton Howden.
13:57 of 1st period - Stopped by Jeremy Smith with a rebound.
14:13 of 1st period - Slapshot by Petteri Nokelainen.
14:13 of 1st period - Stopped by Jeremy Smith without a rebound.
14:14 of 1st period - Brandon McMillan wins face-off versus Tyler Brenner in Atomiques zone.
14:39 of 1st period - Luke Adam is hit by Alex Berry and loses puck.
15:37 of 1st period - Miikka Salomaki is hit by Kenndal McArdle and loses puck.
15:50 of 1st period - Dmitri Orlov is hit by Mike Blunden.
16:18 of 1st period - Slapshot by Kenndal McArdle.
16:18 of 1st period - Stopped by Niklas Svedberg without a rebound.
16:19 of 1st period - Luke Adam wins face-off versus Brett Sutter in Punishers zone.
16:19 of 1st period - Luke Adam is hit by Colby Cohen.
17:13 of 1st period - Snap shot by Brett Sutter.
17:13 of 1st period - Shot Hit the Post.
17:15 of 1st period - Snap shot by Andrew Kozek.
17:15 of 1st period - Shot Misses the Net.
17:17 of 1st period - Backhand shot by Ryan Shannon.
17:17 of 1st period - Shot Blocked by Miikka Salomaki.
17:29 of 1st period - Slapshot by Ryan Malone.
17:29 of 1st period - Shot Misses the Net.
18:47 of 1st period - Wrist shot by Branko Radivojevic.
18:47 of 1st period - Deflect By Kenndal McArdle.
18:47 of 1st period - Shot Misses the Net.
18:47 of 1st period - Puck is out of play.
18:48 of 1st period - Philippe Paradis wins face-off versus Tyler Brenner in Punishers zone.
18:48 of 1st period - Philippe Paradis is hit by Branko Radivojevic.
19:03 of 1st period - Wrist shot by Kenndal McArdle.
19:03 of 1st period - Deflect By Branko Radivojevic.
19:03 of 1st period - Shot Misses the Net.
19:03 of 1st period - Puck is out of play.
19:04 of 1st period - Brett Sutter wins face-off versus Luke Adam in Punishers zone.
19:07 of 1st period - Wrist shot by Ryan Shannon.
19:07 of 1st period - Stopped by Niklas Svedberg without a rebound.
19:08 of 1st period - Brett Sutter wins face-off versus Luke Adam in Punishers zone.
19:15 of 1st period - Slapshot by Ryan Shannon.
19:15 of 1st period - Goal by Ryan Shannon - Punishers : 1 - Atomiques : 1.
19:16 of 1st period - Mike Blunden wins face-off versus Tyler Brenner in neutral zone.
19:32 of 1st period - Slapshot by Mike Blunden.
19:32 of 1st period - Shot Blocked by Davis Drewiske.
19:42 of 1st period - Shawn Belle is hit by Miikka Salomaki and loses puck.
Goals for this period are 1 for Punishers vs 1 for Atomiques.
Shots for this period are 14 for Punishers vs 10 for Atomiques.
2nd period
0:01 of 2nd period - Tyler Brenner wins face-off versus Mike Blunden in neutral zone.
0:05 of 2nd period - Davis Drewiske is hit by Justin Falk and loses puck.
0:26 of 2nd period - Ondrej Palat is hit by Brett Sutter and loses puck.
0:50 of 2nd period - Wrist shot by Frazer Mclaren.
0:50 of 2nd period - Stopped by Jeremy Smith with a rebound.
0:52 of 2nd period - Snap shot by Brandon McMillan.
0:52 of 2nd period - Goal by Brandon McMillan - Punishers : 2 - Atomiques : 1.
0:53 of 2nd period - Tyler Brenner wins face-off versus Petteri Nokelainen in neutral zone.
1:06 of 2nd period - Wrist shot by Ryan Malone.
1:06 of 2nd period - Stopped by Jeremy Smith with a rebound.
1:08 of 2nd period - Wrist shot by Petteri Nokelainen.
1:08 of 2nd period - Deflect By Ryan Malone.
1:08 of 2nd period - Shot Misses the Net.
1:08 of 2nd period - Puck is out of play.
1:09 of 2nd period - Miikka Salomaki wins face-off versus Brett Sutter in Atomiques zone.
1:50 of 2nd period - Minor Penalty to Branko Radivojevic for Hooking.
1:51 of 2nd period - Petteri Nokelainen wins face-off versus Alex Berry in Atomiques zone.
1:56 of 2nd period - Snap shot by Ryan Malone.
1:56 of 2nd period - Goal by Ryan Malone - Punishers : 3 - Atomiques : 1.
1:57 of 2nd period - Tyler Brenner wins face-off versus Petteri Nokelainen in neutral zone.
2:10 of 2nd period - Wrist shot by Tyler Brenner.
2:10 of 2nd period - Shot Blocked by Petteri Nokelainen.
2:18 of 2nd period - Tyler Brenner is hit by Petteri Nokelainen and loses puck.
2:51 of 2nd period - Roman Polak is hit by Justin Falk and loses puck.
3:32 of 2nd period - Snap shot by Branko Radivojevic.
3:32 of 2nd period - Stopped by Niklas Svedberg with a rebound.
3:46 of 2nd period - Snap shot by Brett Sutter.
3:46 of 2nd period - Stopped by Niklas Svedberg with a rebound.
3:48 of 2nd period - Snap shot by Andrew Kozek.
3:48 of 2nd period - Shot Misses the Net.
3:50 of 2nd period - Wrist shot by Shawn Belle.
3:50 of 2nd period - Deflect By Radek Smolenak.
3:50 of 2nd period - Stopped by Niklas Svedberg with a rebound.
4:02 of 2nd period - John McCarthy is hit by Ryan Malone.
4:30 of 2nd period - Snap shot by Tyler Brenner.
4:30 of 2nd period - Goal by Tyler Brenner - Punishers : 3 - Atomiques : 2.
4:31 of 2nd period - Petteri Nokelainen wins face-off versus Tyler Brenner in neutral zone.
5:21 of 2nd period - Shawn Belle is hit by Quinton Howden and loses puck.
6:03 of 2nd period - Wrist shot by Luke Adam.
6:03 of 2nd period - Stopped by Jeremy Smith with a rebound.
6:09 of 2nd period - Slapshot by Ondrej Palat.
6:09 of 2nd period - Stopped by Jeremy Smith without a rebound.
6:10 of 2nd period - Luke Adam wins face-off versus Tyler Brenner in Atomiques zone.
6:11 of 2nd period - Snap shot by Ondrej Palat.
6:11 of 2nd period - Shot Blocked by Davis Drewiske.
6:13 of 2nd period - Wrist shot by Ondrej Palat.
6:13 of 2nd period - Stopped by Jeremy Smith with a rebound.
6:15 of 2nd period - Slapshot by Matt Mackenzie.
6:15 of 2nd period - Shot Blocked by Davis Drewiske.
6:17 of 2nd period - Snap shot by Ondrej Palat.
6:17 of 2nd period - Goal by Ondrej Palat - Punishers : 4 - Atomiques : 2.
6:18 of 2nd period - Kenndal McArdle wins face-off versus Petteri Nokelainen in neutral zone.
6:22 of 2nd period - Snap shot by Tyler Brenner.
6:22 of 2nd period - Goal by Tyler Brenner - Punishers : 4 - Atomiques : 3.
6:23 of 2nd period - Mike Blunden wins face-off versus Tyler Brenner in neutral zone.
6:39 of 2nd period - Slapshot by Kenndal McArdle.
6:39 of 2nd period - Shot Misses the Net.
7:58 of 2nd period - Simon Despres is hit by Branko Radivojevic.
8:39 of 2nd period - Frazer Mclaren is hit by Andrew Kozek and loses puck.
9:10 of 2nd period - Icing by Kyle Wharton.
9:11 of 2nd period - Petteri Nokelainen wins face-off versus Tyler Brenner in Atomiques zone.
9:43 of 2nd period - Davis Drewiske is hit by Frazer Mclaren and loses puck.
9:51 of 2nd period - Icing by Shawn Belle.
9:52 of 2nd period - Luke Adam wins face-off versus Marc-André Cliche in Atomiques zone.
9:53 of 2nd period - Slapshot by Ondrej Palat.
9:53 of 2nd period - Goal by Ondrej Palat - Punishers : 5 - Atomiques : 3.
9:53 of 2nd period - Sergei Bobrovsky enters game.
9:54 of 2nd period - Tyler Brenner wins face-off versus Petteri Nokelainen in neutral zone.
9:57 of 2nd period - Slapshot by Shawn Belle.
9:57 of 2nd period - Stopped by Niklas Svedberg with a rebound.
9:59 of 2nd period - Slapshot by Davis Drewiske.
9:59 of 2nd period - Stopped by Niklas Svedberg with a rebound.
10:01 of 2nd period - Backhand shot by Shawn Belle.
10:01 of 2nd period - Stopped by Niklas Svedberg with a rebound.
10:03 of 2nd period - Wrist shot by Branko Radivojevic.
10:03 of 2nd period - Shot Misses the Net.
10:05 of 2nd period - Snap shot by Kenndal McArdle.
10:05 of 2nd period - Deflect By Tyler Brenner.
10:05 of 2nd period - Deflect By Mike Blunden.
10:05 of 2nd period - Shot Misses the Net.
10:05 of 2nd period - Puck is out of play.
10:06 of 2nd period - Kenndal McArdle wins face-off versus Petteri Nokelainen in Punishers zone.
10:07 of 2nd period - Wrist shot by Branko Radivojevic.
10:07 of 2nd period - Stopped by Niklas Svedberg with a rebound.
11:19 of 2nd period - Slapshot by Petteri Nokelainen.
11:19 of 2nd period - Shot Misses the Net.
11:28 of 2nd period - Off-side.
11:29 of 2nd period - Tyler Brenner wins face-off versus Luke Adam in neutral zone.
11:34 of 2nd period - Wrist shot by Kenndal McArdle.
11:34 of 2nd period - Stopped by Niklas Svedberg with a rebound.
11:40 of 2nd period - Snap shot by Branko Radivojevic.
11:40 of 2nd period - Stopped by Niklas Svedberg without a rebound.
11:41 of 2nd period - Tyler Brenner wins face-off versus Petteri Nokelainen in Punishers zone.
11:46 of 2nd period - Wrist shot by Tyler Brenner.
11:46 of 2nd period - Shot Misses the Net.
12:06 of 2nd period - Simon Despres is hit by Ryan Shannon and loses puck.
12:27 of 2nd period - Ryan Malone is hit by Mike Halmo and loses puck.
13:10 of 2nd period - Minor Penalty to Mike Sauer for Hooking.
13:11 of 2nd period - Ryan Malone wins face-off versus Tyler Brenner in Punishers zone.
13:23 of 2nd period - Wrist shot by Tyler Brenner.
13:23 of 2nd period - Stopped by Niklas Svedberg with a rebound.
13:25 of 2nd period - Slapshot by Shawn Belle.
13:25 of 2nd period - Stopped by Niklas Svedberg with a rebound.
13:27 of 2nd period - Snap shot by Branko Radivojevic.
13:27 of 2nd period - Stopped by Niklas Svedberg with a rebound.
14:58 of 2nd period - Icing by Brett Sutter.
14:59 of 2nd period - Philippe Paradis wins face-off versus Brett Sutter in Atomiques zone.
15:10 of 2nd period - Penalty to Mike Sauer is over, Mike Sauer is back on ice.
15:22 of 2nd period - Wrist shot by John McCarthy.
15:22 of 2nd period - Shot Blocked by Justin Falk.
15:34 of 2nd period - Wrist shot by Petteri Nokelainen.
15:34 of 2nd period - Shot Blocked by Mitch Callahan.
16:04 of 2nd period - Dmitri Orlov is hit by Luke Adam and loses puck.
16:20 of 2nd period - Radek Smolenak is hit by Ryan Shannon and loses puck.
16:39 of 2nd period - Slapshot by Kenndal McArdle.
16:39 of 2nd period - Stopped by Niklas Svedberg with a rebound.
16:41 of 2nd period - Slapshot by Branko Radivojevic.
16:41 of 2nd period - Goal by Branko Radivojevic - Punishers : 5 - Atomiques : 4.
16:42 of 2nd period - Tyler Brenner wins face-off versus Brandon McMillan in neutral zone.
16:49 of 2nd period - Wrist shot by Branko Radivojevic.
16:49 of 2nd period - Stopped by Niklas Svedberg without a rebound.
16:50 of 2nd period - Tyler Brenner wins face-off versus Brandon McMillan in Punishers zone.
16:51 of 2nd period - Slapshot by Branko Radivojevic.
16:51 of 2nd period - Shot Misses the Net.
16:53 of 2nd period - Wrist shot by Branko Radivojevic.
16:53 of 2nd period - Stopped by Niklas Svedberg without a rebound.
16:54 of 2nd period - Petteri Nokelainen wins face-off versus Tyler Brenner in Punishers zone.
16:54 of 2nd period - Petteri Nokelainen is hit by Kenndal McArdle.
17:20 of 2nd period - Miikka Salomaki is hit by Brett Sutter and loses puck.
18:14 of 2nd period - Mitch Callahan is hit by Radek Smolenak and loses puck.
18:25 of 2nd period - Slapshot by Ondrej Palat.
18:25 of 2nd period - Stopped by Sergei Bobrovsky with a rebound.
18:47 of 2nd period - Snap shot by Andrew Kozek.
18:47 of 2nd period - Goal by Andrew Kozek - Punishers : 5 - Atomiques : 5.
18:48 of 2nd period - Tyler Brenner wins face-off versus Mike Blunden in neutral zone.
Goals for this period are 4 for Punishers vs 4 for Atomiques.
Shots for this period are 10 for Punishers vs 19 for Atomiques.
3rd period
0:01 of 3rd period - Branko Radivojevic wins face-off versus Petteri Nokelainen in neutral zone.
0:14 of 3rd period - Slapshot by Branko Radivojevic.
0:14 of 3rd period - Stopped by Niklas Svedberg with a rebound.
0:20 of 3rd period - Shawn Belle is hit by Mike Sauer and loses puck.
0:33 of 3rd period - Slapshot by Justin Falk.
0:33 of 3rd period - Shot Blocked by Davis Drewiske.
0:39 of 3rd period - Wrist shot by Ryan Shannon.
0:39 of 3rd period - Shot Misses the Net.
0:41 of 3rd period - Slapshot by Shawn Belle.
0:41 of 3rd period - Shot Misses the Net.
1:17 of 3rd period - Slapshot by Kyle Wharton.
1:17 of 3rd period - Deflect By Anthony Nigro.
1:17 of 3rd period - Shot Misses the Net.
1:17 of 3rd period - Puck is out of play.
1:18 of 3rd period - Miikka Salomaki wins face-off versus Anthony Nigro in Punishers zone.
1:25 of 3rd period - Wrist shot by Luke Adam.
1:25 of 3rd period - Goal by Luke Adam - Punishers : 6 - Atomiques : 5.
1:26 of 3rd period - Tyler Brenner wins face-off versus Petteri Nokelainen in neutral zone.
1:58 of 3rd period - Snap shot by Brett Sutter.
1:58 of 3rd period - Deflect By Ryan Shannon.
1:58 of 3rd period - Shot Misses the Net.
1:58 of 3rd period - Puck is out of play.
1:59 of 3rd period - Andrew Kozek wins face-off versus Mike Blunden in Punishers zone.
2:00 of 3rd period - Snap shot by Ryan Shannon.
2:00 of 3rd period - Stopped by Niklas Svedberg without a rebound.
2:01 of 3rd period - Brett Sutter wins face-off versus Petteri Nokelainen in Punishers zone.
2:16 of 3rd period - Wrist shot by Ryan Shannon.
2:16 of 3rd period - Goal by Ryan Shannon - Punishers : 6 - Atomiques : 6.
2:17 of 3rd period - Tyler Brenner wins face-off versus Petteri Nokelainen in neutral zone.
2:24 of 3rd period - Backhand shot by Shawn Belle.
2:24 of 3rd period - Stopped by Niklas Svedberg with a rebound.
2:42 of 3rd period - Davis Drewiske is hit by Luke Adam and loses puck.
3:05 of 3rd period - Wrist shot by Ryan Malone.
3:05 of 3rd period - Stopped by Sergei Bobrovsky with a rebound.
3:39 of 3rd period - Radek Smolenak is hit by Mike Halmo and loses puck.
3:58 of 3rd period - Wrist shot by Frazer Mclaren.
3:58 of 3rd period - Shot Blocked by Alex Berry.
4:12 of 3rd period - Mike Sauer is hit by Brett Sutter and loses puck.
5:02 of 3rd period - Minor Penalty to Shawn Belle for High sticking.
5:03 of 3rd period - Branko Radivojevic wins face-off versus Petteri Nokelainen in Atomiques zone.
5:22 of 3rd period - Dmitri Orlov is hit by Ryan Malone and loses puck.
5:43 of 3rd period - Snap shot by Justin Falk.
5:43 of 3rd period - Shot Misses the Net.
6:04 of 3rd period - Icing by Ondrej Palat.
6:05 of 3rd period - Luke Adam wins face-off versus Alex Berry in Punishers zone.
6:52 of 3rd period - Mike Sauer is hit by Kenndal McArdle and loses puck.
7:02 of 3rd period - Penalty to Shawn Belle is over, Shawn Belle is back on ice.
7:23 of 3rd period - Wrist shot by Marc-André Cliche.
7:23 of 3rd period - Shot Misses the Net.
8:06 of 3rd period - Minor Penalty to Alex Berry for Hooking.
8:07 of 3rd period - Branko Radivojevic wins face-off versus Ondrej Palat in Atomiques zone.
9:14 of 3rd period - Miikka Salomaki is hit by Ryan Shannon and loses puck.
10:06 of 3rd period - Penalty to Alex Berry is over, Alex Berry is back on ice.
10:19 of 3rd period - Snap shot by Frazer Mclaren.
10:19 of 3rd period - Shot Blocked by Dmitri Orlov.
10:21 of 3rd period - Snap shot by Frazer Mclaren.
10:21 of 3rd period - Stopped by Sergei Bobrovsky without a rebound.
10:22 of 3rd period - Brandon McMillan wins face-off versus Marc-André Cliche in Atomiques zone.
10:35 of 3rd period - Slapshot by John McCarthy.
10:35 of 3rd period - Stopped by Niklas Svedberg without a rebound.
10:36 of 3rd period - Brett Sutter wins face-off versus Quinton Howden in Punishers zone.
11:06 of 3rd period - Snap shot by Branko Radivojevic.
11:06 of 3rd period - Stopped by Niklas Svedberg with a rebound.
11:39 of 3rd period - Slapshot by Justin Falk.
11:39 of 3rd period - Shot Blocked by Mitch Callahan.
12:27 of 3rd period - Simon Despres is hit by Shawn Belle and loses puck.
12:55 of 3rd period - Slapshot by Luke Adam.
12:55 of 3rd period - Stopped by Sergei Bobrovsky without a rebound.
12:56 of 3rd period - Tyler Brenner wins face-off versus Luke Adam in Atomiques zone.
13:01 of 3rd period - Branko Radivojevic is hit by Ondrej Palat and loses puck.
14:07 of 3rd period - Wrist shot by Branko Radivojevic.
14:07 of 3rd period - Stopped by Niklas Svedberg without a rebound.
14:08 of 3rd period - Luke Adam wins face-off versus Tyler Brenner in Punishers zone.
14:08 of 3rd period - Luke Adam is hit by Branko Radivojevic.
14:13 of 3rd period - Minor Penalty to Tyler Brenner for Hooking.
14:14 of 3rd period - Branko Radivojevic wins face-off versus Petteri Nokelainen in Atomiques zone.
14:30 of 3rd period - Wrist shot by Ryan Malone.
14:30 of 3rd period - Stopped by Sergei Bobrovsky without a rebound.
14:31 of 3rd period - Petteri Nokelainen wins face-off versus Branko Radivojevic in Atomiques zone.
14:38 of 3rd period - Wrist shot by Petteri Nokelainen.
14:38 of 3rd period - Shot Blocked by Davis Drewiske.
14:40 of 3rd period - Snap shot by Justin Falk.
14:40 of 3rd period - Shot Misses the Net.
14:42 of 3rd period - Slapshot by Mike Sauer.
14:42 of 3rd period - Shot Blocked by Davis Drewiske.
14:44 of 3rd period - Snap shot by Petteri Nokelainen.
14:44 of 3rd period - Shot Misses the Net.
16:13 of 3rd period - Penalty to Tyler Brenner is over, Tyler Brenner is back on ice.
16:58 of 3rd period - Slapshot by Kyle Wharton.
16:58 of 3rd period - Shot Blocked by Ondrej Palat.
17:25 of 3rd period - Slapshot by Colby Cohen.
17:25 of 3rd period - Shot Blocked by Adam McQuaid.
17:27 of 3rd period - Wrist shot by Mike Halmo.
17:27 of 3rd period - Stopped by Niklas Svedberg with a rebound.
17:29 of 3rd period - Snap shot by Mitch Callahan.
17:29 of 3rd period - Goal by Mitch Callahan - Punishers : 6 - Atomiques : 7.
17:30 of 3rd period - Petteri Nokelainen wins face-off versus Marc-André Cliche in neutral zone.
17:30 of 3rd period - Petteri Nokelainen is hit by John McCarthy.
17:40 of 3rd period - Wrist shot by Alex Berry.
17:40 of 3rd period - Shot Misses the Net.
18:20 of 3rd period - Mike Blunden is hit by Colby Cohen and loses puck.
18:51 of 3rd period - Punishers, Niklas Svedberg is pulled from the net.
18:55 of 3rd period - Wrist shot by Ryan Malone.
18:55 of 3rd period - Shot Blocked by Davis Drewiske.
19:03 of 3rd period - Wrist shot by Ryan Malone.
19:03 of 3rd period - Shot Misses the Net.
19:44 of 3rd period - Off-side.
19:45 of 3rd period - John Anderson call a timeout for Punishers.
19:45 of 3rd period - Tyler Brenner wins face-off versus Petteri Nokelainen in neutral zone.
19:52 of 3rd period - Snap shot by Petteri Nokelainen.
19:52 of 3rd period - Shot Blocked by Shawn Belle.
19:54 of 3rd period - Snap shot by Ryan Malone.
19:54 of 3rd period - Deflect By Branko Radivojevic.
19:54 of 3rd period - Shot Blocked by Shawn Belle.
19:54 of 3rd period - Puck is out of play.
19:55 of 3rd period - Tyler Brenner wins face-off versus Petteri Nokelainen in Atomiques zone.
Goals for this period are 1 for Punishers vs 2 for Atomiques.
Shots for this period are 5 for Punishers vs 9 for Atomiques.
Back to the Top